 Dungeon Crawl Stone Soup version 0.21-a0-404-g291f19a (webtiles) character file.

66 operationiv the Chopper (level 3, 0/33 HPs)
             Began as a Minotaur Berserker on Oct 31, 2017.
             Was a Believer of Trog.
             Slain by a goblin
             ... wielding a +0 dagger of flaming
             ... led by Robin
              (3 damage)
             ... on level 2 of the Dungeon.
             The game lasted 00:00:49 (875 turns).

operationiv the Chopper (Minotaur Berserker)         Turns: 875, Time: 00:00:50

Health: 0/33       AC:  2    Str: 21    XL:     3   Next: 96%
Magic:  2/2        EV: 12    Int:  4    God:    Trog [**....]
Gold:   126        SH:  0    Dex: 10    Spells: 2/2 levels left

rFire    . . .     SeeInvis .   a - +0 hand axe
rCold    . . .     Gourm    .   (no shield)
rNeg     . . .     Faith    .   b - +0 animal skin
rPois    .         Spirit   .   (helmet restricted)
rElec    .         Reflect  .   (no cloak)
rCorr    .         Harm     .   (no gloves)
MR       .....                  (no boots)
Stlth    +.........             (no amulet)
HPRegen  0.11/turn              (no ring)
MPRegen  0.08/turn              (no ring)

@: berserk cooldown, slowed, very slow
A: retaliatory headbutt, horns 2
a: Berserk, Trog's Hand, Burn Spellbooks, Renounce Religion


You were on level 2 of the Dungeon.
You worshipped Trog.
Trog was pleased with you.
You were hungry.

You visited 1 branch of the dungeon, and saw 2 of its levels.

You collected 126 gold pieces.

Inventory:

Hand Weapons
 a - a +0 hand axe (weapon)
Armour
 b - a +0 animal skin (worn)
Scrolls
 e - a scroll of enchant armour {unknown}
 f - a scroll of remove curse {unknown}
 g - 2 scrolls of random uselessness {unknown}
 h - 4 scrolls of identify {unknown}
 i - a scroll of teleportation {unknown}
 l - 2 scrolls of magic mapping {unknown}
Potions
 d - a potion of agility {unknown}
 j - 2 potions of heal wounds {unknown}
 n - 2 potions of curing {unknown}
 p - a potion of invisibility {unknown}
Comestibles
 c - 2 bread rations
 k - a royal jelly
 m - 2 meat rations
 o - 4 chunks of flesh


   Skills:
 + Level 4.2 Fighting
 * Level 4.6 Axes
 + Level 3.1 Armour
 + Level 2.9 Dodging


You had 2 spell levels left.
You didn't know any spells.

Dungeon Overview and Level Annotations

Branches:
Dungeon (2/15)

Altars:
Cheibriados


Innate Abilities, Weirdness & Mutations

You reflexively headbutt those who attack you in melee.
You have a pair of horns on your head.


Message History

Items here: ) ? ††† a scroll labeled ELAROE COEJU; a club; a goblin corpse x2; a hobgoblin corpse You feel a strong urge to attack something.
You see here a club.
You are no longer berserk.
You are exhausted.
You feel yourself slow down.
Items here: ) [[ † a mace; an animal skin; a shiny helmet; the hobgoblin corpse of Robin The goblin hits you.
* * * LOW HITPOINT WARNING * * *
The goblin barely misses you.
The goblin hits you with a dagger of flaming.
* * * LOW HITPOINT WARNING * * *
The goblin burns you.
* * * LOW HITPOINT WARNING * * *
The goblin misses you. The goblin barely misses you.
The goblin hits you with a dagger of flaming.
You die...

## # #.# ##.##..#####
#########
...........######........
.......g.).).............
..#.gg)?.#####........
#.!g#@##.....#####.###
......<..######...##.....
..r###.#...### ........ ..
#........######..... .
####.......(#.......
.#########...#...#.....
#......................
.##......................
##...........................


You could see 3 goblins and a rat (wandering).

Vanquished Creatures
  Robin (D:2)
  2 adders (D:2)
  An ooze (D:1)
  A dart slug (D:1)
  2 leopard geckos (D:1)
  A bat (D:1)
  A giant cockroach (D:1)
  6 goblins (D:2)
  3 hobgoblins
  3 kobolds
  A quokka (D:2)
  5 frilled lizards
  2 rats (D:1)
29 creatures vanquished.

Notes
Turn   | Place    | Note
-------+----------+-------------------------------------------
     0 | D:1      | operationiv the Minotaur Berserker began the quest for the Orb.
     0 | D:1      | Reached XP level 1. HP: 19/19 MP: 0/0
    98 | D:1      | Reached XP level 2. HP: 27/27 MP: 1/1
   751 | D:2      | Found a snail-covered altar of Cheibriados.
   767 | D:2      | Reached XP level 3. HP: 24/33 MP: 2/2
   860 | D:2      | Noticed Robin
   870 | D:2      | Killed Robin
   870 | D:2      | Reached ** piety under Trog
   875 | D:2      | Slain by a goblin

Vault maps used:
D:1:      nzn_arrival_settlement
D:2:      old_standard_altar, uniq_robin

Skill      XL: |  1  2  3 |
---------------+----------+-----
Axes           | 4 |  4.6
Fighting       | 4 |  4.2
Armour         | 3 |  3.1
Dodging        | |  2.9

Action                   || total
-------------------------++-------
Melee: Hand axe          ||    49
       Headbutt          ||    10
Invok: Berserk           ||     1
Armor: Animal skin       ||     7
Dodge: Dodged            ||    36

Table legend:
 A = Spawn XP
 B = Non-spawn XP
 C = Spawn XP percentage of total XP
 D = Spawn monster count
 E = Non-spawn monster count
 F = Spawn count percentage of total count
 G = Total turns spent on level
                    A         B        C        D         E        F      G
               +---------+---------+-------+---------+---------+-------+---------
         Total |       0 |      95 |   0.0 |       0 |      29 |   0.0 |   875
               +---------+---------+-------+---------+---------+-------+---------
           D:1 |       0 |      32 |   0.0 |       0 |      15 |   0.0 |   669
           D:2 |       0 |      63 |   0.0 |       0 |      14 |   0.0 |   206
               +---------+---------+-------+---------+---------+-------+---------
